 Dungeon Crawl Stone Soup version 0.31-a0-179-g1846a1fd2d (webtiles) character file.

Game seed: 5140936074984624606

13 qw the Shooter (level 2, -8/26 HPs)
             Began as a Naga Hunter on June 18, 2023.
             Mangled by a kobold
             ... wielding a +2 short sword of electrocution
              (12 damage)
             ... on level 1 of the Dungeon.
             The game lasted 00:00:07 (214 turns).

qw the Shooter (Naga Hunter)                         Turns: 214, Time: 00:00:07

Health: -8/26      AC:  2    Str: 13    XL:     2   Next: 37%
Magic:  2/2        EV:  9    Int:  9    God:
Gold:   16         SH:  0    Dex: 14    Spells: 1/1 levels left

rFire   . . .        a - +0 shortbow
rCold   . . .        (shield currently unavailable)
rNeg    . . .        c - +0 leather armour
rPois   +            (no helmet)
rElec   .            (no cloak)
rCorr   .            (no gloves)
SInv    +            (no barding)
Will    .....        (no amulet)
Stlth   ++           (no ring)
HPRegen 0.24/turn    (no ring)
MPRegen 0.08/turn

%: no passive effects
@: short of breath, very slow
A: AC +0, large, see invisible, deformed body, poison resistance, slowness 2,
spit poison 1, naga tail 1
a: Spit Poison


You were on level 1 of the Dungeon.
You visited 1 branch of the dungeon, and saw 1 of its levels.

You collected 16 gold pieces.


Innate Abilities, Weirdness & Mutations

Your serpentine skin is tough. (AC +0)
You have supernaturally acute eyesight. (SInv)
Armour fits poorly on your strangely shaped body.
Your system is resistant to poisons. (rPois)
You cover ground very slowly.
You can spit poison.
You have a snake-like lower body.


   Skills:
 - Level 2.0 Fighting
 + Level 4.2 Ranged Weapons
 - Level 1.5 Dodging
 - Level 1.5 Stealth


You had one spell level left.
You didn't know any spells.
Your spell library was empty.

Inventory:

Hand Weapons
 a - a +0 shortbow (weapon)
Armour
 c - a +0 leather armour (worn)
 f - a +0 pair of gloves
Scrolls
 b - a scroll of butterflies
 d - a scroll of identify {unknown}
Potions
 e - a potion of lignification {unknown}

Dungeon Overview and Level Annotations

Branches:
Dungeon (1/15)

Altars:


Message History

The slug dart misses you.
Enter note:
Enter note: You shoot an arrow.
The arrow hits the dart slug.
The dart slug is severely wounded.
The dart slug launches a dart at you.
The slug dart hits you but does no damage.
You shoot an arrow. The arrow hits the dart slug.
The dart slug is severely wounded.
You hear a shout!
A kobold comes into view.
It is wielding a +2 short sword of electrocution.
208 ||| INVOKING Spit Poison.
Aiming: Spit Poison (2% risk of failure)
Press: ? - help, Shift-Dir - straight line, f - kobold, p - dart slug The splash of poison misses the kobold.
The kobold barely misses you.
You shoot an arrow. The arrow hits the kobold.
The kobold is heavily wounded.
The kobold barely misses you.
You shoot an arrow. The arrow barely misses the kobold.
The kobold misses you.
You shoot an arrow. The arrow closely misses the kobold.
The kobold hits you with a +2 short sword of electrocution.
You shoot an arrow. The arrow hits the kobold.
The kobold is severely wounded.
You have got your breath back.
The kobold hits you with a +2 short sword of electrocution.
You are electrocuted!
Ouch! That really hurt!
The kobold hits you with a +2 short sword of electrocution.
213 ||| INVOKING Spit Poison.
Aiming: Spit Poison (2% risk of failure)
Press: ? - help, Shift-Dir - straight line, f/p - kobold The splash of poison misses the kobold.
The kobold hits you with a +2 short sword of electrocution.
You shoot an arrow. The arrow hits the dart slug.
The dart slug is almost dead.
The kobold hits you with a +2 short sword of electrocution.
You are electrocuted!
You die...

....# ##
#............
#............
.......?....
...........
.......... .........
##Kw......
####.@####%..
#............ .#
###..#####... .#
##.## #.... ###
##.###..####...# ...
.............# ###
##.#.......###
#...####.##
#########...####..###


You could see a dart slug and a kobold.

Vanquished Creatures
  A bat (D:1)
  An endoplasm (D:1)
  2 hobgoblins (D:1)
  A quokka (D:1)
  3 ball pythons (D:1)
  2 goblins (D:1)
  2 rats (D:1)
12 creatures vanquished.

Notes
Turn   | Place    | Note
-------+----------+-------------------------------------------
     0 | D:1      | qw the Naga Hunter began the quest for the Orb.
     0 | D:1      | Reached XP level 1. HP: 19/19 MP: 1/1
     0 | D:1      | 0 ||| qw: Version: 0.3-a-7-ge0c9b40
     0 | D:1      | 0 ||| qw: Game counter: 880
     0 | D:1      | 0 ||| qw: Always use a shield: true
     0 | D:1      | 0 ||| qw: God list: Okawaru
     0 | D:1      | 0 ||| qw: Allow faded altars: false
     0 | D:1      | 0 ||| qw: Do Orc after D:15 true
     0 | D:1      | 0 ||| qw: Do second Lair branch before Depths: true
     0 | D:1      | 0 ||| qw: Lair rune preference: random
     0 | D:1      | 0 ||| qw: Plans: Normal
     0 | D:1      | 0 ||| PLANNING D:1-11
   156 | D:1      | 156 ||| INVOKING Spit Poison.
   157 | D:1      | Reached skill level 4 in Ranged Weapons
   157 | D:1      | Reached XP level 2. HP: 26/26 MP: 2/2
   164 | D:1      | 164 ||| INVOKING Spit Poison.
   167 | D:1      | 167 ||| INVOKING Spit Poison.
   190 | D:1      | 190 ||| INVOKING Spit Poison.
   196 | D:1      | 196 ||| INVOKING Spit Poison.
   208 | D:1      | 208 ||| INVOKING Spit Poison.
   212 | D:1      | HP: 6/26 [kobold/+2 short sword of electrocution (6)]
   213 | D:1      | 213 ||| INVOKING Spit Poison.
   214 | D:1      | Mangled by a kobold

Levels and vault maps discovered:
D:1:      dpeg_arrival_central, layout_rooms, st_stairs_11

Skill      XL: |  1 |
---------------+----+-----
Ranged Weapons | 4 |  4.2
Fighting       | |  2.0
Dodging        | |  1.5
Stealth        | |  1.5

Action                     || total
---------------------------++-------
   Fire: Shortbow          ||    23
Ability: Spit Poison       ||     7
 Armour: Leather armour    ||     1
  Dodge: Dodged            ||     5

Table legend:
 A = Non-vault XP
 B = Vault XP
 C = Vault XP percentage of total XP
 D = Non-vault monster count
 E = Vault monster count
 F = Vault count percentage of total count
                 A         B        C        D         E       F
            +---------+---------+-------+---------+---------+-------
      Total |      15 |       4 |  21.1 |      10 |       2 |  16.7
            +---------+---------+-------+---------+---------+-------
        D:1 |      15 |       4 |  21.1 |      10 |       2 |  16.7
            +---------+---------+-------+---------+---------+-------
